 Dungeon Crawl Stone Soup version 0.30.1-3-gfc49f6343a (webtiles) character file.

Game seed: 9102116443042778645

11389 Peloso the Carver (level 11, -1/95 HPs)
             Began as a Minotaur Fighter on Aug 9, 2023.
             Was a Believer of Okawaru.
             Slain by a sixfirhy (10 damage)
             ... summoned by a kobold demonologist
             ... on level 11 of the Dungeon.
             The game lasted 00:24:41 (11347 turns).

Peloso the Carver (Minotaur Fighter)               Turns: 11347, Time: 00:24:42

Health: -1/95      AC: 15    Str: 22    XL:     11   Next: 48%
Magic:  10/10      EV:  9    Int:  5    God:    Okawaru [**....]
Gold:   501        SH: 16    Dex: 13    Spells: 10/10 levels left

rFire   . . .        a - +1 scimitar (heavy)
rCold   . . .        d - +0 tower shield
rNeg    . . .        t - +0 chain mail
rPois   +            (helmet restricted)
rElec   .            c - +0 cloak
rCorr   .            v - +0 pair of gloves
SInv    .            (no boots)
Will    .....        (no amulet) Stlth
                     k - ring of flight
HPRegen 0.35/turn    p - ring of poison resistance
MPRegen 0.12/turn

%: no passive effects
@: lethally poisoned (-1 -> -7), weakened, flying
A: horns 2, retaliatory headbutt
a: Renounce Religion, Heroism


You were on level 11 of the Dungeon.
You worshipped Okawaru.
Okawaru was pleased with you.
You visited 2 branches of the dungeon, and saw 12 of its levels.
You also visited: Sewer.

You collected 501 gold pieces.

Inventory:

Hand Weapons
 a - a +1 heavy scimitar (weapon)
 b - a +8 spear of flaming
Missiles
 g - 2 throwing nets (quivered)
Armour
 c - a +0 cloak (worn)
 d - a +0 tower shield (worn)
 t - a +0 chain mail (worn)
 v - a +0 pair of gloves (worn)
Jewellery
 k - a ring of flight (left hand)
 p - a ring of poison resistance (right hand)
 D - a ring of ice
Wands
 q - a wand of digging (3)
 s - a wand of paralysis (6)
 x - a wand of quicksilver (8)
Scrolls
 f - 3 scrolls of identify
 h - 4 scrolls of enchant weapon
 i - 2 scrolls of brand weapon
 j - 2 scrolls of teleportation
 l - 2 scrolls of enchant armour
 n - 2 scrolls of blinking
 u - 2 scrolls of fog
 y - a scroll of vulnerability {unknown}
Potions
 e - 7 potions of invisibility
 m - a potion of flight
 o - 5 potions of might
 r - 2 potions of curing
 w - 3 potions of magic
 z - 4 potions of resistance
 A - a potion of brilliance
 B - 2 potions of heal wounds
 C - a potion of ambrosia
 E - a potion of haste {unknown}
 F - a potion of cancellation {unknown}


   Skills:
 + Level 8.7 Fighting
 + Level 12.2 Long Blades
 + Level 11.1 Armour
 + Level 5.3 Dodging
 + Level 2.3 Stealth
 + Level 11.4 Shields
 + Level 0.2 Invocations


You had 10 spell levels left.
You didn't know any spells.
Your spell library contained the following spells:

 Spells                   Type           Power      Damage    Failure   Level
 Necrotise                Necr           0%         1d4       100%        1
 Passwall                 Tmut/Erth      0%         N/A       100%        2
 Vampiric Draining        Necr           0%         2d6       100%        3
 Petrify                  Tmut/Erth      0%         N/A       100%        4
 Agony                    Necr           0%         N/A       100%        5
 Borgnjor's Vile Clutch   Necr/Erth      0%         N/A       100%        5
 Shatter                  Erth           0%         3d5*      100%        9


Dungeon Overview and Level Annotations

Branches:
Dungeon (11/15)            Temple (1/1) D:6            Lair (0/5) D:9
    Orc (0/2) D:10          Sewer (visited)

Altars:
Ashenzari
Cheibriados
Dithmenos
Fedhas
Gozag
Kikubaaqudgha
Makhleb
Okawaru
Qazlal
Ru
Sif Muna
Uskayaw
Vehumet
Xom
Zin
The Shining One

Annotations:
D:2 1 runed translucent door, Crazy Yiuf
D:4 3 runed translucent doors, zxspectator's ghost, amateur GrFi
D:5 2 transporters
D:6 1 runed translucent door, ripuliukko's ghost, novice DEEE
D:10 3 runed translucent doors, pzskc383's ghost, journeyman GrFi


Innate Abilities, Weirdness & Mutations

You have a pair of horns on your head.
You reflexively headbutt those who attack you in melee.


Message History

The sixfirhy hits you! The sixfirhy shocks you!
You block the sixfirhy's attack. The sixfirhy hits you!
The sixfirhy shocks you!
You block the kobold demonologist's attack.
The orange demon stings you but does no damage.
The sixfirhy misses you. You furiously retaliate!
You headbutt the sixfirhy. The hellwing hits you!
The hellwing hits you but does no damage.
The kobold demonologist hits you but does no damage.
You closely miss the kobold demonologist.
The kobold demonologist is severely wounded.
The sixfirhy barely misses you.
The kobold demonologist begins to cast a cantrip, but forgets the words!
The orange demon barely misses you. You block the hellwing's attack.
The hellwing hits you but does no damage.
You block the kobold demonologist's attack.
The orange demon stings you from afar!
You are poisoned.
The orange demon poisons you!
Unknown command.
You miss the kobold demonologist. You headbutt the kobold demonologist.
The kobold demonologist is almost dead.
You feel very sick. The hellwing hits you.
* * * LOW HITPOINT WARNING * * *
You block the hellwing's attack.
You block the kobold demonologist's attack.
You block the orange demon's attack. The hellwing hits you.
* * * LOW HITPOINT WARNING * * *
The hellwing hits you.
* * * LOW HITPOINT WARNING * * *
The kobold demonologist hits you but does no damage.
The shadow imp sputters.
You barely miss the kobold demonologist.
The kobold demonologist is almost dead.
You feel very sick.
You block the sixfirhy's attack. x2; The sixfirhy hits you.
* * * LOW HITPOINT WARNING * * *
The sixfirhy shocks you!
You die...

................ ...
..............# .?..
..............##....
......^<............
....................
+########...........
##..........
#.#..##### +.#.@#
#.#43K5:....
#..54K5.....
##..........
#..........
#..........
####....... .####..


You could see an orange demon (summoned), a hellwing (summoned), a kobold
demonologist, a sixfirhy (summoned), a crimson imp (summoned), 2 shadow imps and
a kobold.

Vanquished Creatures
  A boulder beetle (D:10)
  3 two-headed ogres
  Nergalle (D:10)
  Pikel (D:4)
  Maggie (D:6)
  2 trolls
  A hornet (D:9)
  Grinder (D:5)
  Prince Ribbit (D:6)
  Sigmund (D:2)
  A wraith (D:10)
  A shadow (D:9)
  2 wyverns
  10 yaks (D:9)
  3 vampire mosquitoes (D:10)
  3 wargs
  Edmund (D:5)
  An orc warrior (D:9)
  3 sky beasts
  4 ice beasts
  2 centaurs
  An ogre (D:5)
  2 kobold brigands (D:8)
  3 bullfrogs
  Blork the orc (D:6)
  4 gnoll sergeants
  4 scorpions
  8 wights (D:9)
  A howler monkey (D:7)
  4 hounds
  3 orc priests
  7 jellies
  2 gnoll boudas
  Jessica (D:2)
  2 iguanas
  A sleepcap (D:7)
  9 orc wizards
  33 gnolls
  12 adders
  5 river rats
  A shadow imp (D:6)
  2 ufetubi
  4 worms
  3 dart slugs
  15 orcs
  10 ball pythons
  16 endoplasms
  6 giant cockroaches
  10 hobgoblins
  7 jackals
  19 kobolds
  7 quokkas
  5 bats
  4 frilled lizards
  10 goblins
  14 rats
280 creatures vanquished.

Notes
Turn   | Place    | Note
-------+----------+-------------------------------------------
     0 | D:1      | Peloso the Minotaur Fighter began the quest for the Orb.
     0 | D:1      | Reached XP level 1. HP: 19/19 MP: 0/0
   179 | D:1      | Got the Compilation of the Fjord
   201 | D:1      | Reached XP level 2. HP: 26/27 MP: 1/1
   363 | D:1      | Reached XP level 3. HP: 32/33 MP: 2/2
  1050 | D:1      | Reached XP level 4. HP: 29/40 MP: 3/3
  1057 | D:2      | Reached skill level 3 in Long Blades
  1058 | D:2      | Noticed Jessica
  1177 | D:2      | Killed Jessica
  1178 | D:2      | Reached skill level 5 in Armour
  1459 | D:2      | Reached XP level 5. HP: 39/47 MP: 4/4
  1601 | D:2      | Found a runed translucent door.
  1602 | D:2      | Noticed Crazy Yiuf
  1620 | D:2      | Noticed Sigmund
  1635 | D:2      | Killed Sigmund
  1636 | D:2      | Reached skill level 4 in Long Blades
  1636 | D:2      | Reached skill level 1 in Dodging
  1636 | D:2      | Reached XP level 6. HP: 27/53 MP: 5/5
  1965 | D:3      | Reached skill level 5 in Long Blades
  2458 | D:4      | Noticed zxspectator's ghost (amateur GrFi)
  2476 | D:4      | Found a runed translucent gate.
  2476 | D:4      | Found a runed translucent gate.
  2478 | D:4      | Found a runed translucent gate.
  2494 | D:4      | Noticed Pikel
  2512 | D:4      | Paralysed by Pikel for 2 turns
  2521 | D:4      | Killed Pikel
  2522 | D:4      | Reached skill level 5 in Fighting
  2522 | D:4      | Reached skill level 6 in Long Blades
  2522 | D:4      | Reached XP level 7. HP: 30/61 MP: 6/6
  2766 | D:4      | Found a broken altar of Ashenzari.
  2770 | D:4      | Saw a vision of the Swamp and the Snake Pit.
  2770 | D:4      | Noticed a black mamba
  2770 | D:4      | Noticed a naga warrior
  2770 | D:4      | Noticed a bloated husk
  2770 | D:4      | Noticed a mana viper
  2770 | D:4      | Noticed a tyrant leech
  2770 | D:4      | Noticed a six-headed hydra
  2770 | D:4      | Noticed an anaconda
  2770 | D:4      | Noticed a spriggan druid
  2770 | D:4      | Noticed a bog body
  2770 | D:4      | Noticed a spriggan rider
  2770 | D:4      | Noticed a naga mage
  2770 | D:4      | Noticed a naga sharpshooter
  2771 | D:4      | Noticed a naga warrior
  2771 | D:4      | Noticed a shock serpent
  2772 | D:4      | Noticed a naga sharpshooter
  2772 | D:4      | Noticed a bunyip
  2772 | D:4      | Noticed a vampire mosquito
  2976 | D:4      | Found a snail-covered altar of Cheibriados.
  3121 | D:4      | Reached skill level 7 in Long Blades
  3195 | D:4      | Reached skill level 5 in Shields
  3637 | D:5      | Entered Level 5 of the Dungeon
  3690 | D:5      | Noticed Grinder
  3696 | D:5      | Paralysed by Grinder for 3 turns
  3703 | D:5      | Paralysed by Grinder for 2 turns
  3718 | D:5      | Killed Grinder
  3719 | D:5      | Reached XP level 8. HP: 12/70 MP: 7/7
  4088 | D:5      | Noticed Edmund
  4106 | D:5      | Killed Edmund
  4107 | D:5      | Reached skill level 8 in Long Blades
  4523 | D:5      | Found a transporter.
  4635 | D:5      | Reached skill level 1 in Stealth
  4793 | D:5      | Found a transporter.
  4961 | D:6      | Reached XP level 9. HP: 45/75 MP: 8/8
  5055 | D:6      | Found a sacrificial altar of Ru.
  5075 | D:6      | Noticed Blork the orc
  5081 | D:6      | Killed Blork the orc
  5082 | D:6      | Reached skill level 9 in Long Blades
  5127 | D:6      | Noticed Prince Ribbit
  5141 | D:6      | Killed Prince Ribbit
  5210 | D:6      | Found a staircase to the Ecumenical Temple.
  5236 | D:6      | Noticed Maggie
  5243 | D:6      | Killed Maggie
  5354 | D:6      | Found a glowing drain.
  5362 | Sewer    | Entered a sewer
  5558 | Sewer    | Found a shimmering altar of Xom.
  5868 | D:6      | Found a runed translucent door.
  5868 | D:6      | Noticed ripuliukko's ghost (novice DEEE)
  6361 | D:7      | Reached skill level 10 in Long Blades
  7001 | D:8      | Reached XP level 10. HP: 86/86 MP: 9/9
  7631 | D:8      | Found a glowing golden altar of the Shining One.
  8219 | D:9      | Found a staircase to the Lair.
  8620 | D:9      | Noticed a two-headed ogre
  8628 | D:9      | Killed a two-headed ogre
  8762 | D:9      | Reached skill level 5 in Dodging
  8788 | D:9      | Reached skill level 11 in Long Blades
  8886 | D:9      | Noticed a two-headed ogre
  8886 | D:9      | You are sucked into a shaft and drop 2 floors!
  8908 | D:10     | Entered Level 10 of the Dungeon
  8932 | D:10     | Found a staircase to the Orcish Mines.
  8951 | D:10     | Noticed a two-headed ogre
  8968 | D:10     | Killed a two-headed ogre
  8969 | D:10     | Reached skill level 10 in Armour
  8969 | D:10     | Reached skill level 10 in Shields
  9256 | D:9      | Killed a two-headed ogre
  9257 | D:9      | Reached XP level 11. HP: 42/94 MP: 10/10
  9327 | Temple   | Entered the Ecumenical Temple
  9333 | Temple   | Became a worshipper of Warmaster Okawaru
  9541 | D:9      | Reached * piety under Okawaru
  9824 | D:9      | Found an ancient bone altar of Kikubaaqudgha.
  9824 | D:9      | Found an opulent altar of Gozag.
  9831 | D:9      | Found a faded altar of an unknown god.
  9833 | D:9      | Found a faded altar of an unknown god.
  9835 | D:9      | Found a shimmering blue altar of Sif Muna.
 10223 | D:10     | Found a runed translucent gate.
 10224 | D:10     | Found a runed translucent gate.
 10225 | D:10     | Found a runed translucent gate.
 10226 | D:10     | Found an opulent altar of Gozag.
 10227 | D:10     | Noticed pzskc383's ghost (journeyman GrFi)
 10229 | D:10     | Noticed Nergalle
 10243 | D:10     | Killed Nergalle
 10343 | D:10     | Found a blossoming altar of Fedhas.
 10370 | D:10     | Noticed a boulder beetle
 10378 | D:10     | Reached skill level 12 in Long Blades
 10395 | D:10     | Killed a boulder beetle
 10395 | D:10     | Reached ** piety under Okawaru
 11343 | D:11     | Noticed a sixfirhy
 11347 | D:11     | Slain by a sixfirhy

Illustrated notes

Levels and vault maps discovered:
D:1:      mainiacjoe_arrival_reflecting_pool, layout_basic
D:2:      layout_rooms, uniq_crazy_yiuf_cottage, uniq_sigmund, uniq_jessica
D:3:      layout_rooms, chequers_serial_rivers_small_3, grunt_ministairs_14,
          interstate_on_off
D:4:      layout_basic, grunt_ashenzari_visionary
          [grunt_ashenzari_visionary_swamp, grunt_ashenzari_visionary_snake],
          cheibrodos_worm_habitat, gammafunk_ghost_split, uniq_pikel
D:5:      gammafunk_cloud_chamber, layout_loops_corners, uniq_grinder,
          uniq_edmund
D:6:      nicolae_BIG_FREAKIN_CUBE, layout_rooms,
          nicolae_ru_great_annihilating_truth, minmay_temple_entry_mist,
          lightli_sewer_entry_pipes, gammafunk_ghost_grave, uniq_prince_ribbit1,
          uniq_blork_the_orc, uniq_maggie
D:7:      layout_cave_pools
D:8:      layout_layer_cave, mainiacjoe_overflow_surrounded_room,
          serial_park_tiny_pond
D:9:      layout_cave_pods, chequers_temple_overflow_minitemple,
          erik_lair_orcish_takeover, patterned_corridor
D:10:     layout_basic, overflow_temple_1_default, orc_0_dummy,
          ebering_ghost_gozag, uniq_nergalle
D:11:     lemuel_insect_pit, layout_stronghold, hellmonk_guarded_unrand_gong
Temple:   eino_narrow_crystal_temple

Skill      XL: |  1  2  3  4  5  6  7  8  9 10 11 |
---------------+----------------------------------+-----
Shields        | 4 5 6 8 10 11 | 11.4
Armour         | 4 5 6 7 8 10 11 | 11.1
Fighting       | 4 5 6 7 8 |  8.7
Long Blades    | 3 4 6 7 8 10 11 12 | 12.2
Dodging        | 1 2 3 4 5 |  5.3
Stealth        | 2 |  2.3
Invocations    | |  0.2

Action                     |  1- 3 |  4- 6 |  7- 9 | 10-12 || total
---------------------------+-------+-------+-------+-------++-------
  Melee: Long sword        |    86 |   101 |   174 |       ||   361
         Headbutt          |     8 |    18 |    55 |    55 ||   136
         Scimitar          |       |       |   165 |   252 ||   417
 Invoke: Heroism           |       |       |       |     2 ||     2
  Evoke: Wand              |       |       |     1 |       ||     1
    Use: Potion            |     2 |     2 |     5 |       ||     9
         Scroll            |     2 |       |    11 |       ||    13
   Stab: Paralysed         |       |       |     3 |       ||     3
 Armour: Scale mail        |    92 |    36 |   124 |       ||   252
         Chain mail        |       |       |       |   128 ||   128
  Dodge: Dodged            |    71 |    45 |   104 |    81 ||   301
  Block: Buckler           |    37 |    17 |       |       ||    54
         Tower shield      |       |    15 |   317 |   294 ||   626
